 Dungeon Crawl Stone Soup version 0.29.1-1-gd02db6906a (webtiles) character file.

Game seed: 3491676808957334052

406 xian the Chopper (level 6, -5/48 HPs)
             Began as a Demonspawn Fighter on Sept 16, 2022.
             Slain by Menkaure (14 damage)
             ... on level 4 of the Dungeon.
             The game lasted 00:09:57 (3394 turns).

xian the Chopper (Demonspawn Fighter)               Turns: 3394, Time: 00:09:58

Health: -5/48      AC: 14    Str: 18    XL:     6   Next: 56%
Magic:  6/6        EV:  9    Int:  9    God:
Gold:   148        SH:  5    Dex: 13    Spells: 5/5 levels left

rFire   . . .      SeeInvis .   a - +0 war axe
rCold   . . .      Faith    .   c - +0 buckler
rNeg    . . .      Spirit   .   b - +0 scale mail
rPois   .          Reflect  .   (no helmet)
rElec   .          Harm     .   k - +0 cloak
rCorr   .          Rampage  .   (no gloves)
Will    .....                   (no boots)
Stlth   ..........              (no amulet)
HPRegen 0.16/turn               (no ring)
MPRegen 0.10/turn               (no ring)

@: sanguine armoured
A: ignite blood 1, sanguine armour 1, demonic magic 1
a: no special abilities


You were on level 4 of the Dungeon.
You visited 1 branch of the dungeon, and saw 4 of its levels.

You collected 148 gold pieces.

Inventory:

Hand Weapons
 a - a +0 war axe (weapon)
Missiles
 f - 4 poisoned darts (quivered)
Armour
 b - a +0 scale mail (worn)
 c - a +0 buckler (worn)
 k - a +0 cloak (worn)
Scrolls
 e - 2 scrolls of teleportation
 i - a scroll of vulnerability
 n - a scroll of amnesia {unknown}
Potions
 d - 3 potions of might
 g - a potion of brilliance {unknown}
 h - 3 potions of curing {unknown}
 j - a potion of ambrosia {unknown}
 l - 2 potions of magic
 m - 2 potions of lignification {unknown}
 o - 2 potions of heal wounds {unknown}
 p - a potion of attraction {unknown}
 q - a potion of flight {unknown}


   Skills:
 + Level 3.7 Fighting
 + Level 4.2 Axes
 + Level 0.1 Throwing
 + Level 4.1 Armour
 + Level 1.1 Dodging
 + Level 0.5 Stealth
 + Level 3.5 Shields


You had 5 spell levels left.
You didn't know any spells.
Your spell library contained the following spells:

 Spells                   Type           Power      Damage    Failure   Level
 Beastly Appendage        Tmut           0%         N/A       86%         1
 Static Discharge         Conj/Air       0%         3-3/arc   94%         2
 Wereblood                Tmut           0%         N/A       94%         2
 Spider Form              Tmut/Pois      0%         N/A       99%         3
 Lightning Bolt           Conj/Air       0%         1d11      100%        5
 Maxwell's Capacitive Co  Air            0%         ∞         100%        8


Dungeon Overview and Level Annotations

Branches:
Dungeon (4/15)
 Temple: D:4-7

Altars:
Cheibriados
Makhleb
Nemelex Xobeh
Qazlal
Trog
Uskayaw

Annotations:
D:4 1 transporter, Menkaure


Innate Abilities, Weirdness & Mutations

Your demonic aura sometimes causes spilled blood to erupt in flames.
When seriously injured, your blood forms armour. (AC +6)
Spells you cast may paralyse adjacent enemies.


Message History

An adder comes into view.
The adder hisses angrily.
The adder bites you but does no damage.
You miss the adder.
The adder bites you but does no damage. x2
You barely miss the adder. The adder closely misses you.
The adder bites you but does no damage.
You closely miss the adder. The adder completely misses you.
The adder closely misses you.
You closely miss the adder. The adder bites you but does no damage.
You barely miss the adder. You block the adder's attack. The adder bites you.
You miss the adder. You block the adder's attack. The adder barely misses you.
You completely miss the adder. The adder closely misses you.
The adder bites you but does no damage.
You hit the adder.
The adder is lightly wounded.
The adder bites you but does no damage.
You slash the adder!
You kill the adder!
Found a stone staircase leading down.
Menkaure, Prince of Dust comes into view.
Menkaure shouts!
A goblin comes into view. It is wielding a +0 dagger.
The goblin shouts!
The goblin unwields a +0 dagger.
The goblin wields a +0 sling.
The goblin shoots a sling bullet.
You block the sling bullet.
Menkaure calls on the powers of darkness!
Your body is wracked with pain!
Your blood congeals into armour.
Menkaure points at you and mumbles some strange words.
Pain shoots through your body!
You hit Menkaure.
Menkaure is lightly damaged.
Menkaure barely misses you.
You hit Menkaure.
Menkaure is moderately damaged.
Menkaure hits you!
* * * LOW HITPOINT WARNING * * *
You completely miss Menkaure.
Menkaure is moderately damaged.
Menkaure hits you!
You die...

~...~#. #.
#.##.# ..!~#. #.
#.##.# .~#. #.
#....#
###.##+###.#..#
.P#........#..#
.8#........#..#
###........#...
....!......#>..#
.###..°@...#.###
.......M.....#
###....g..####
#.......#
#.......#
#.......#
.........
###........


You could see Menkaure and a goblin.

Vanquished Creatures
  Grinder (D:3)
  Jessica (D:2)
  An orc wizard (D:2)
  6 adders
  3 gnolls (D:3)
  A river rat (D:3)
  3 worms (D:3)
  6 orcs
  4 ball pythons
  An endoplasm (D:1)
  4 giant cockroaches
  6 goblins
  6 hobgoblins
  3 jackals (D:3)
  2 quokkas
  6 frilled lizards
  4 kobolds
  3 rats
61 creatures vanquished.

Notes
Turn   | Place    | Note
-------+----------+-------------------------------------------
     0 | D:1      | xian the Demonspawn Fighter began the quest for the Orb.
     0 | D:1      | Reached XP level 1. HP: 18/18 MP: 1/1
   374 | D:1      | Found a faded altar of an unknown god.
   409 | D:2      | Found a snail-covered altar of Cheibriados.
   509 | D:2      | Gained mutation: When seriously injured, your blood forms
                  | armour. (AC +6) [demonic ancestry]
   509 | D:2      | Reached XP level 2. HP: 23/24 MP: 2/2
   535 | D:2      | Gained mutation: Your demonic aura sometimes causes spilled
                  | blood to erupt in flames. [demonic ancestry]
   535 | D:2      | Reached XP level 3. HP: 18/29 MP: 3/3
   698 | D:2      | Noticed Jessica
   702 | D:2      | Killed Jessica
   835 | D:2      | Reached XP level 4. HP: 30/35 MP: 4/4
  1670 | D:3      | Noticed Grinder
  1677 | D:3      | Paralysed by Grinder for 4 turns
  1684 | D:3      | HP: 1/35 [Grinder (2)]
  1685 | D:3      | Killed Grinder
  1686 | D:3      | Reached skill level 1 in Dodging
  1686 | D:3      | Reached XP level 5. HP: 2/42 MP: 5/5
  1982 | D:3      | Found a bloodstained altar of Trog.
  1992 | D:3      | Found a sparkling altar of Nemelex Xobeh.
  1992 | D:3      | Found a snail-covered altar of Cheibriados.
  1992 | D:3      | Found a burning altar of Makhleb.
  2040 | D:3      | Gained mutation: Spells you cast may paralyse adjacent
                  | enemies. [demonic ancestry]
  2040 | D:3      | Reached XP level 6. HP: 32/48 MP: 6/6
  2299 | D:3      | Found a stormy altar of Qazlal.
  2647 | D:3      | Found a hide-covered altar of Uskayaw.
  3318 | D:4      | Found a transporter.
  3387 | D:4      | Noticed Menkaure
  3394 | D:4      | Slain by Menkaure

Illustrated notes

Levels and vault maps discovered:
D:1:      evilmike_arrival_crescent, layout_rooms,
          dreamdust_ecumenical_altar_hidden_monk_grotto
D:2:      layout_basic, serial_co_window_serial, co_window_paths_a,
          co_window_cross_1, co_window_of_opportunity_a, co_window_paths_a,
          co_window_of_opportunity_a, co_window_of_opportunity_a,
          co_window_paths_b, co_window_corner_b, co_window_broadway_c,
          co_window_corner_b, glass_columns_b, glass_columns_a, glass_columns_b,
          glass_columns_b, basic_altar, uniq_jessica
D:3:      minmay_door_path, layout_loops_cross, grunt_temple_overflow_open,
          mainiacjoe_overflow_alcove_2, trog_three_pillars_becter,
          mainiacjoe_overflow_six_doors_small, gup_sewer_entry_bubbles,
          minmay_misc_feat_iff, uniq_grinder
D:4:      gammafunk_steamed_eel, layout_basic, solitary_fountain, uniq_menkaure,
          uniq_crazy_yiuf_cottage

Skill      XL: |  1  2  3  4  5  6 |
---------------+-------------------+-----
Axes           | 2 3 4 |  4.2
Armour         | 3 4 |  4.1
Shields        | 3 |  3.5
Dodging        | 1 |  1.1
Fighting       | |  3.7
Throwing       | |  0.1
Stealth        | |  0.5

Action                   |  1- 3 |  4- 6 || total
-------------------------+-------+-------++-------
Melee: War axe           |    43 |   164 ||   207
Throw: Dart              |     2 |       ||     2
  Use: Potion            |       |     1 ||     1
       Scroll            |       |     4 ||     4
Armor: Scale mail        |    19 |    80 ||    99
Dodge: Dodged            |    19 |    67 ||    86
Block: Buckler           |     8 |    37 ||    45
